 Dungeon Crawl Stone Soup version 0.31-a0-175-g9f7f995f2b (webtiles) character file.

Game seed: 8543246242061739199

2304 qw the Skirmisher (level 9, -1/82 HPs)
             Began as a Naga Hunter on June 16, 2023.
             Was an Initiate of Okawaru.
             Slain by a steam dragon (2 damage)
             ... on level 7 of the Dungeon.
             The game lasted 00:03:18 (6766 turns).

qw the Skirmisher (Naga Hunter)                     Turns: 6766, Time: 00:03:18

Health: -1/82      AC: 12    Str: 14    XL:     9   Next: 40%
Magic:  12/12      EV:  8    Int: 10    God:    Okawaru [......]
Gold:   333        SH:  0    Dex: 18    Spells: 8/8 levels left

rFire   + . .        Y - +1 shortbow
rCold   + . .        (shield currently unavailable)
rNeg    . . .        c - +0 leather armour
rPois   +            (no helmet)
rElec   .            (no cloak)
rCorr   .            (no gloves)
SInv    +            a - +4 barding {rC+}
Will    +....        i - amulet of the acrobat
Stlth   ++           b - ring of protection from fire
HPRegen 0.33/turn    (no ring)
MPRegen 0.13/turn

%: acrobat
@: very slow
A: AC +3, large, see invisible, deformed body, poison resistance, slowness 2,
spit poison 1, naga tail 1
a: Spit Poison, Renounce Religion


You were on level 7 of the Dungeon.
You worshipped Okawaru.
Okawaru was noncommittal.
You visited 1 branch of the dungeon, and saw 7 of its levels.

You collected 333 gold pieces.


Innate Abilities, Weirdness & Mutations

Your serpentine skin is tough. (AC +3)
You have supernaturally acute eyesight. (SInv)
Armour fits poorly on your strangely shaped body.
Your system is resistant to poisons. (rPois)
You cover ground very slowly.
You can spit poison.
You have a snake-like lower body.


   Skills:
 - Level 6.0 Fighting
 + Level 9.4 Ranged Weapons
 - Level 1.1 Armour
 - Level 3.0 Dodging
 - Level 1.5 Stealth
 - Level 4.1 Invocations


You had 8 spell levels left.
You didn't know any spells.
Your spell library was empty.

Inventory:

Hand Weapons
 Y - a +1 shortbow (weapon)
Armour
 a - a +4 barding of cold resistance (worn)
 c - a +0 leather armour (worn)
Jewellery
 b - a ring of protection from fire (left hand)
 i - an amulet of the acrobat (around neck)
Wands
 l - a wand of digging (7)
Scrolls
 e - 2 scrolls of enchant armour
 f - 2 scrolls of identify
 o - a scroll of revelation {unknown}
Potions
 d - 3 potions of curing
 g - a potion of cancellation
 h - a potion of might {unknown}
 j - a potion of brilliance {unknown}
 m - a potion of berserk rage {unknown}
 n - a potion of resistance {unknown}

Dungeon Overview and Level Annotations

Branches:
Dungeon (7/15)             Temple (0/1) D:7

Altars:
Okawaru
Xom
Yredelemnul
Zin

Shops:
D:1 *

Annotations:
D:6 1 runed translucent door, qw's ghost, novice GrHu
D:7 Maggie


Message History

6758 ||| INVOKING Spit Poison.
Aiming: Spit Poison (1% risk of failure)
Press: ? - help, Shift-Dir - straight line, f/p - steam dragon The splash of poison hits the steam dragon!
The steam dragon is poisoned.
The steam dragon is heavily wounded.
You shoot an arrow. The arrow hits the steam dragon.
The steam dragon is heavily wounded.
You shoot an arrow.
The arrow hits the steam dragon but does no damage.
The steam dragon is heavily wounded.
You shoot an arrow. The arrow hits the steam dragon.
The steam dragon is severely wounded.
The steam dragon bites you but does no damage.
The steam dragon closely misses you.
You shoot an arrow. The arrow hits the steam dragon.
The steam dragon is severely wounded.
You feel like a meek peon again. The steam dragon bites you.
The steam dragon claws you.
You shoot an arrow.
The arrow hits the steam dragon but does no damage.
The steam dragon is almost dead.
The steam dragon barely misses you. The steam dragon completely misses you.
You shoot an arrow. The arrow hits the steam dragon.
The steam dragon is almost dead.
The steam dragon breathes steam at you. The ball of steam hits you. You resist.
You hear a shout!
You shoot an arrow.
The arrow hits the steam dragon but does no damage.
The steam dragon is almost dead.
A centaur comes into view.
The steam dragon bites you but does no damage.
The steam dragon completely misses you.
The centaur wields a +0 orcbow.
The centaur shoots an arrow.
The arrow hits you but does no damage.
You shoot an arrow.
The arrow barely misses the steam dragon.
You have got your breath back.
The steam dragon closely misses you. The steam dragon claws you.
You die...

.....@....# .# ....
..........##.##....#
....)..>...........+
.########.....#....#
#..........#
#..........#
#..........#
#..¤¤¤....#
#.¤¤@D....#
......¤¤¤......
.#######.....#.
.....# .......
c...... .......
.......


You could see a steam dragon (poisoned) and a centaur.

Vanquished Creatures
  Prince Ribbit (D:4)
  A water moccasin (D:4)
  An ice beast (D:6)
  A black bear (D:5)
  An ogre (D:4)
  4 phantoms
  A bullfrog (D:7)
  6 scorpions (D:5)
  A water moccasin skeleton (D:5)
  A wyvern skeleton (D:5)
  A water moccasin zombie (D:5)
  2 howler monkeys
  A bullfrog zombie (D:5)
  3 centaur zombies (D:5)
  A hound (D:4)
  2 jellies
  A gnoll bouda (D:7)
  2 bullfrog skeletons (D:5)
  A sleepcap (D:4)
  Terence (D:2)
  An iguana (D:5)
  2 scorpion zombies (D:5)
  A hound skeleton (D:5)
  A hound zombie (D:5)
  2 howler monkey zombies (D:5)
  11 gnolls
  7 adders
  A white imp (D:6)
  2 ufetubi
  2 worms
  A dart slug (D:1)
  12 orcs
  3 endoplasms
  A giant cockroach (D:1)
  12 goblins
  18 hobgoblins
  10 jackals
  A quokka (D:3)
  11 ball pythons
  4 bats
  3 frilled lizards (D:1)
  19 kobolds
  5 rats
163 creatures vanquished.

Notes
Turn   | Place    | Note
-------+----------+-------------------------------------------
     0 | D:1      | qw the Naga Hunter began the quest for the Orb.
     0 | D:1      | Reached XP level 1. HP: 19/19 MP: 1/1
     0 | D:1      | 0 ||| qw: Version: 0.2-a-29-g511e9b1
     0 | D:1      | 0 ||| qw: Game counter: 71
     0 | D:1      | 0 ||| qw: Always use a shield: true
     0 | D:1      | 0 ||| qw: God list: Okawaru
     0 | D:1      | 0 ||| qw: Allow faded altars: false
     0 | D:1      | 0 ||| qw: Do Orc after D:15 true
     0 | D:1      | 0 ||| qw: Do second Lair branch before Depths: true
     0 | D:1      | 0 ||| qw: Lair rune preference: random
     0 | D:1      | 0 ||| qw: Plans: Normal
     0 | D:1      | 0 ||| PLANNING D:1-11
    58 | D:1      | 58 ||| INVOKING Spit Poison.
    86 | D:1      | 86 ||| INVOKING Spit Poison.
    95 | D:1      | 95 ||| INVOKING Spit Poison.
   103 | D:1      | 103 ||| INVOKING Spit Poison.
   174 | D:1      | 174 ||| INVOKING Spit Poison.
   175 | D:1      | Reached skill level 4 in Ranged Weapons
   175 | D:1      | Reached XP level 2. HP: 26/26 MP: 2/2
   178 | D:1      | 178 ||| INVOKING Spit Poison.
   181 | D:1      | 181 ||| INVOKING Spit Poison.
   185 | D:1      | 185 ||| INVOKING Spit Poison.
   187 | D:1      | 187 ||| FLEEEEING.
   188 | D:1      | 188 ||| FLEEEEING.
   193 | D:1      | 193 ||| FLEEEEING.
   194 | D:1      | 194 ||| FLEEEEING.
   196 | D:1      | 196 ||| INVOKING Spit Poison.
   232 | D:1      | 232 ||| INVOKING Spit Poison.
   291 | D:1      | Reached XP level 3. HP: 32/32 MP: 3/3
   299 | D:1      | 299 ||| INVOKING Spit Poison.
   318 | D:1      | Found Ytotaoc's Assorted Antiques.
   322 | D:1      | 322 ||| INVOKING Spit Poison.
   325 | D:1      | 325 ||| INVOKING Spit Poison.
   328 | D:1      | 328 ||| INVOKING Spit Poison.
   335 | D:1      | 335 ||| SHOPLISTING amethyst potion (19 gold, have 12).
   335 | D:1      | 335 ||| SHOPLISTING glowing robe (81 gold, have 12).
   335 | D:1      | 335 ||| SHOPLISTING scroll labelled DUMUSIUTHRA (22 gold,
                  | have 12).
   335 | D:1      | 335 ||| SHOPLISTING scroll labelled LENOET FEAH (22 gold,
                  | have 12).
   335 | D:1      | 335 ||| SHOPLISTING scroll labelled PASISCH ONGAO (22 gold,
                  | have 12).
   335 | D:1      | 335 ||| SHOPLISTING wooden wand (88 gold, have 12).
   346 | D:1      | 346 ||| INVOKING Spit Poison.
   352 | D:1      | 352 ||| INVOKING Spit Poison.
   429 | D:1      | 429 ||| READING scroll labelled LEONI FYOTA.
   429 | D:1      | Identified a scroll of acquirement
   429 | D:1      | 429 ||| ACQUIRING +2 barding of cold resistance
   429 | D:1      | Acquired a +2 barding of cold resistance
   431 | D:1      | 431 ||| UPGRADING to +2 barding of cold resistance.
   436 | D:1      | 436 ||| READING 3 scrolls labelled DUMUSIUTHRA.
   437 | D:1      | 437 ||| READING 3 scrolls labelled UBLINK TUPETS.
   438 | D:1      | 438 ||| READING 2 scrolls of enchant armour.
   438 | D:1      | 438 ||| ENCHANTING +2 barding of cold resistance.
   439 | D:1      | 439 ||| READING scroll of enchant armour.
   439 | D:1      | 439 ||| ENCHANTING +3 barding of cold resistance.
   440 | D:1      | 440 ||| READING 2 scrolls of identify.
   440 | D:1      | 440 ||| IDENTIFYING silvery potion
   441 | D:1      | 441 ||| DROPPING scroll of butterflies.
   477 | D:2      | Noticed Terence
   481 | D:2      | 481 ||| INVOKING Spit Poison.
   486 | D:2      | 486 ||| INVOKING Spit Poison.
   490 | D:2      | 490 ||| INVOKING Spit Poison.
   493 | D:2      | HP: 6/32 [Terence/+0 flail of holy wrath (4)]
   495 | D:2      | Killed Terence
   496 | D:2      | Reached skill level 5 in Ranged Weapons
   496 | D:2      | Reached XP level 4. HP: 9/39 MP: 4/4
   497 | D:2      | 497 ||| INVOKING Spit Poison.
   625 | D:2      | 625 ||| INVOKING Spit Poison.
   675 | D:2      | 675 ||| INVOKING Spit Poison.
   681 | D:2      | 681 ||| INVOKING Spit Poison.
   687 | D:2      | 687 ||| INVOKING Spit Poison.
   692 | D:2      | 692 ||| INVOKING Spit Poison.
   756 | D:2      | 756 ||| INVOKING Spit Poison.
   787 | D:2      | 787 ||| INVOKING Spit Poison.
   794 | D:2      | 794 ||| INVOKING Spit Poison.
   798 | D:2      | 798 ||| INVOKING Spit Poison.
   856 | D:2      | Found a faded altar of an unknown god.
   976 | D:2      | Reached skill level 3 in Fighting
  1026 | D:2      | 1026 ||| INVOKING Spit Poison.
  1285 | D:2      | 1285 ||| UPGRADING to ring of protection from fire.
  1286 | D:2      | 1286 ||| READING scroll labelled BOCOOT XOBE.
  1287 | D:2      | 1287 ||| READING scroll labelled ROUGIQ VUGALI.
  1321 | D:3      | 1321 ||| INVOKING Spit Poison.
  1327 | D:3      | 1327 ||| INVOKING Spit Poison.
  1336 | D:3      | 1336 ||| INVOKING Spit Poison.
  1352 | D:3      | 1352 ||| INVOKING Spit Poison.
  1428 | D:3      | 1428 ||| INVOKING Spit Poison.
  1456 | D:3      | 1456 ||| INVOKING Spit Poison.
  1459 | D:3      | Reached XP level 5. HP: 49/49 MP: 5/5
  1460 | D:3      | 1460 ||| Stepping ~*~*~tactically~*~*~ (outnumbered).
  1461 | D:3      | 1461 ||| INVOKING Spit Poison.
  1467 | D:3      | 1467 ||| INVOKING Spit Poison.
  1468 | D:3      | Reached skill level 1 in Armour
  1472 | D:3      | 1472 ||| INVOKING Spit Poison.
  1473 | D:3      | HP: 12/49 [gnoll/+2 flail of protection (5)]
  1478 | D:3      | 1478 ||| INVOKING Spit Poison.
  1639 | D:3      | 1639 ||| INVOKING Spit Poison.
  1644 | D:3      | You fall into a shaft and drop 1 floor!
  1663 | D:4      | 1663 ||| INVOKING Spit Poison.
  1669 | D:4      | 1669 ||| INVOKING Spit Poison.
  1672 | D:4      | 1672 ||| INVOKING Spit Poison.
  1678 | D:4      | 1678 ||| INVOKING Spit Poison.
  1696 | D:4      | Reached XP level 6. HP: 54/56 MP: 6/6
  1696 | D:4      | 1696 ||| INVOKING Spit Poison.
  1701 | D:4      | 1701 ||| INVOKING Spit Poison.
  1705 | D:4      | Reached skill level 6 in Ranged Weapons
  1706 | D:4      | 1706 ||| INVOKING Spit Poison.
  1714 | D:4      | Noticed a water moccasin
  1719 | D:4      | 1719 ||| INVOKING Spit Poison.
  1725 | D:4      | 1725 ||| INVOKING Spit Poison.
  1732 | D:4      | 1732 ||| INVOKING Spit Poison.
  1735 | D:4      | Killed a water moccasin
  1762 | D:4      | 1762 ||| INVOKING Spit Poison.
  1906 | D:4      | 1906 ||| READING scroll labelled MOSHEFO EHIOC.
  1907 | D:4      | 1907 ||| DRINKING 2 viscous clear potions.
  1926 | D:4      | 1926 ||| READING 5 scrolls of identify.
  1926 | D:4      | 1926 ||| IDENTIFYING blue potion
  1927 | D:4      | 1927 ||| READING 4 scrolls of identify.
  1927 | D:4      | 1927 ||| IDENTIFYING ruby potion
  1928 | D:4      | 1928 ||| DROPPING potion of ambrosia.
  1929 | D:4      | 1929 ||| DROPPING potion of lignification.
  2005 | D:3      | 2005 ||| INVOKING Spit Poison.
  2042 | D:3      | 2042 ||| INVOKING Spit Poison.
  2158 | D:3      | 2158 ||| INVOKING Spit Poison.
  2232 | D:3      | 2232 ||| INVOKING Spit Poison.
  2371 | D:3      | 2371 ||| INVOKING Spit Poison.
  2374 | D:3      | 2374 ||| DROPPING +2 sling of draining.
  2497 | D:3      | Found an iron altar of Okawaru.
  2497 | D:3      | Found a glowing silver altar of Zin.
  2497 | D:3      | Found a basalt altar of Yredelemnul.
  2498 | D:3      | 2498 ||| PLANNING OKAWARU WORSHIP
  2498 | D:3      | 2498 ||| UPGRADING to amulet of the acrobat.
  2503 | D:3      | 2503 ||| READING 2 scrolls labelled MUSOPL BADINNE.
  2504 | D:3      | 2504 ||| READING 4 scrolls of identify.
  2504 | D:3      | 2504 ||| IDENTIFYING bubbling golden potion
  2505 | D:3      | 2505 ||| DROPPING scroll of immolation.
  2512 | D:3      | Became a worshipper of Warmaster Okawaru
  2513 | D:3      | 2513 ||| PLANNING D:1-11
  2810 | D:4      | 2810 ||| INVOKING Spit Poison.
  2817 | D:4      | 2817 ||| INVOKING Spit Poison.
  2870 | D:4      | 2870 ||| INVOKING Spit Poison.
  2884 | D:4      | 2884 ||| INVOKING Spit Poison.
  3307 | D:4      | 3307 ||| INVOKING Spit Poison.
  3325 | D:4      | Reached XP level 7. HP: 64/64 MP: 7/7
  3391 | D:4      | 3391 ||| INVOKING Spit Poison.
  3394 | D:4      | 3394 ||| INVOKING Spit Poison.
  3918 | D:4      | 3918 ||| READING scroll labelled SIAPOCWACA.
  3919 | D:4      | 3919 ||| READING 3 scrolls of identify.
  3919 | D:4      | 3919 ||| IDENTIFYING fuming inky potion
  3920 | D:4      | 3920 ||| READING 2 scrolls of identify.
  3920 | D:4      | 3920 ||| IDENTIFYING white potion
  3921 | D:4      | 3921 ||| DROPPING potion of attraction.
  3922 | D:4      | 3922 ||| DROPPING potion of degeneration.
  3966 | D:5      | Entered Level 5 of the Dungeon
  3967 | D:5      | 3967 ||| INVOKING Spit Poison.
  3969 | D:5      | Reached skill level 7 in Ranged Weapons
  3974 | D:5      | 3974 ||| INVOKING Spit Poison.
  3981 | D:5      | Noticed Prince Ribbit
  3982 | D:5      | 3982 ||| INVOKING Spit Poison.
  3988 | D:5      | 3988 ||| INVOKING Spit Poison.
  3993 | D:5      | 3993 ||| INVOKING Spit Poison.
  3994 | D:5      | 3994 ||| STAIRDANCE
  4054 | D:5      | 4054 ||| INVOKING Spit Poison.
  4057 | D:5      | 4057 ||| INVOKING Spit Poison.
  4059 | D:5      | 4059 ||| STAIRDANCE
  4062 | D:4      | 4062 ||| INVOKING Spit Poison.
  4064 | D:4      | HP: 8/64 [Prince Ribbit (15)]
  4065 | D:4      | 4065 ||| DRINKING potion of heal wounds.
  4067 | D:4      | 4067 ||| INVOKING Spit Poison.
  4072 | D:4      | 4072 ||| INVOKING Spit Poison.
  4074 | D:4      | HP: 8/64 [Prince Ribbit (13)]
  4078 | D:4      | 4078 ||| INVOKING Spit Poison.
  4079 | D:4      | Killed Prince Ribbit
  4079 | D:4      | Reached * piety under Okawaru
  4080 | D:4      | Reached skill level 8 in Ranged Weapons
  4080 | D:4      | Reached XP level 8. HP: 11/72 MP: 8/8
  4303 | D:5      | Reached skill level 1 in Invocations
  4386 | D:5      | 4386 ||| INVOKING Heroism.
  4388 | D:5      | 4388 ||| INVOKING Spit Poison.
  4505 | D:5      | 4505 ||| INVOKING Spit Poison.
  4549 | D:5      | 4549 ||| INVOKING Spit Poison.
  4553 | D:5      | Reached skill level 3 in Invocations
  4589 | D:5      | 4589 ||| INVOKING Heroism.
  4619 | D:5      | 4619 ||| INVOKING Heroism.
  4633 | D:5      | Reached XP level 9. HP: 34/81 MP: 10/12
  4634 | D:5      | 4634 ||| INVOKING Heroism.
  4798 | D:5      | Reached skill level 9 in Ranged Weapons
  4874 | D:5      | 4874 ||| INVOKING Heroism.
  5070 | D:5      | 5070 ||| INVOKING Spit Poison.
  5075 | D:5      | 5075 ||| INVOKING Spit Poison.
  5076 | D:5      | Reached skill level 3 in Dodging
  5176 | D:5      | 5176 ||| INVOKING Spit Poison.
  5177 | D:5      | 5177 ||| INVOKING Heroism.
  5184 | D:5      | 5184 ||| INVOKING Spit Poison.
  5267 | D:5      | 5267 ||| INVOKING Spit Poison.
  5279 | D:5      | 5279 ||| READING scroll labelled QYZE WIKHOAHE.
  5282 | D:5      | 5282 ||| READING scroll labelled NOXAUR RUUC.
  5283 | D:5      | 5283 ||| READING scroll labelled PASISCH ONGAO.
  5284 | D:5      | 5284 ||| READING scroll labelled PEINEL HENIOG.
  5336 | D:6      | 5336 ||| INVOKING Spit Poison.
  5373 | D:6      | Reached skill level 6 in Fighting
  5510 | D:6      | 5510 ||| INVOKING Heroism.
  5538 | D:6      | 5538 ||| INVOKING Spit Poison.
  5544 | D:6      | Found a runed translucent door.
  5548 | D:6      | Noticed qw's ghost (novice GrHu)
  5569 | D:6      | 5569 ||| INVOKING Spit Poison.
  5685 | D:6      | 5685 ||| INVOKING Spit Poison.
  5697 | D:6      | 5697 ||| INVOKING Spit Poison.
  5702 | D:6      | 5702 ||| INVOKING Spit Poison.
  5725 | D:6      | 5725 ||| Stepping ~*~*~tactically~*~*~ (outnumbered).
  5727 | D:6      | 5727 ||| INVOKING Spit Poison.
  5740 | D:6      | 5740 ||| INVOKING Spit Poison.
  5748 | D:6      | 5748 ||| INVOKING Spit Poison.
  5753 | D:6      | 5753 ||| INVOKING Spit Poison.
  5763 | D:6      | 5763 ||| INVOKING Spit Poison.
  5769 | D:6      | 5769 ||| INVOKING Spit Poison.
  5775 | D:6      | 5775 ||| INVOKING Spit Poison.
  5818 | D:6      | 5818 ||| INVOKING Spit Poison.
  5823 | D:6      | 5823 ||| INVOKING Spit Poison.
  5832 | D:6      | 5832 ||| INVOKING Spit Poison.
  5837 | D:6      | 5837 ||| INVOKING Spit Poison.
  5842 | D:6      | 5842 ||| INVOKING Spit Poison.
  5856 | D:6      | 5856 ||| INVOKING Spit Poison.
  5861 | D:6      | 5861 ||| INVOKING Spit Poison.
  6036 | D:6      | 6036 ||| INVOKING Spit Poison.
  6041 | D:6      | 6041 ||| INVOKING Spit Poison.
  6070 | D:6      | 6070 ||| INVOKING Spit Poison.
  6074 | D:6      | 6074 ||| INVOKING Spit Poison.
  6086 | D:6      | 6086 ||| INVOKING Spit Poison.
  6213 | D:6      | 6213 ||| INVOKING Spit Poison.
  6364 | D:6      | 6364 ||| READING scroll labelled CANKIS MASA.
  6501 | D:7      | Found a staircase to the Ecumenical Temple.
  6633 | D:7      | 6633 ||| INVOKING Spit Poison.
  6638 | D:7      | 6638 ||| INVOKING Spit Poison.
  6661 | D:7      | 6661 ||| INVOKING Heroism.
  6663 | D:7      | 6663 ||| INVOKING Spit Poison.
  6667 | D:7      | 6667 ||| INVOKING Spit Poison.
  6711 | D:7      | Found a shimmering altar of Xom.
  6737 | D:7      | Noticed Maggie
  6738 | D:7      | 6738 ||| INVOKING Spit Poison.
  6744 | D:7      | 6744 ||| INVOKING Heroism.
  6746 | D:7      | 6746 ||| INVOKING Spit Poison.
  6751 | D:7      | HP: 19/82 [Maggie/bolt of fire (13)]
  6752 | D:7      | 6752 ||| READING scroll of teleportation.
  6754 | D:7      | 6754 ||| INVOKING Spit Poison.
  6754 | D:7      | HP: 9/82 [Maggie/+2 halberd of flaming (3)]
  6758 | D:7      | 6758 ||| INVOKING Spit Poison.
  6762 | D:7      | HP: 7/82 [steam dragon (3)]
  6764 | D:7      | HP: 1/82 [steam dragon/ball of steam (4)]
  6766 | D:7      | Slain by a steam dragon

Levels and vault maps discovered:
D:1:      dpeg_arrival_windows_large_door, layout_rooms, serial_shops, shop,
          st_stairs_11
D:2:      layout_loops_ring, chequers_ecumenical_altar_lobes, uniq_terence
D:3:      layout_loops_ring, gammafunk_temple_overflow_claw
D:4:      layout_layer_cave, minmay_misc_feat_encased
D:5:      layout_basic, serial_undead, serial_undead_f, serial_undead_c,
          serial_undead_a, serial_undead_c, serial_undead_f, serial_undead_e,
          serial_undead_e, grunt_ministairs_2, uniq_prince_ribbit1
D:6:      corexii_shantytown, layout_loops_corners, gammafunk_ghost_grave,
          nicolae_figureground_pulse
D:7:      layout_basic, mainiacjoe_overflow_catwalk,
          minmay_temple_entry_glassed_door, serial_bayou_lagoon_a,
          nicolae_kite_square_tiling_tiny, uniq_maggie

Skill      XL: |  1  2  3  4  5  6  7  8  9 |
---------------+----------------------------+-----
Ranged Weapons | 4 5 6 8 9 |  9.4
Fighting       | 3 4 5 6 |  6.0
Armour         | 1 |  1.1
Dodging        | 2 3 |  3.0
Invocations    | 4 |  4.1
Stealth        | |  1.5

Action                     |  1- 3 |  4- 6 |  7- 9 || total
---------------------------+-------+-------+-------++-------
   Fire: Shortbow          |    55 |   152 |   325 ||   532
 Invoke: Heroism           |       |       |     9 ||     9
Ability: Spit Poison       |    19 |    43 |    55 ||   117
    Use: Scroll            |     6 |     7 |     9 ||    22
         Potion            |       |     1 |     1 ||     2
 Armour: Leather armour    |    12 |    46 |   169 ||   227
  Dodge: Dodged            |    14 |    44 |   132 ||   190

Table legend:
 A = Non-vault XP
 B = Vault XP
 C = Vault XP percentage of total XP
 D = Non-vault monster count
 E = Vault monster count
 F = Vault count percentage of total count
                 A         B        C        D         E       F
            +---------+---------+-------+---------+---------+-------
      Total |    1991 |    1301 |  39.5 |     107 |      56 |  34.4
            +---------+---------+-------+---------+---------+-------
        D:1 |      50 |       5 |   9.1 |      31 |       3 |   8.8
        D:2 |      62 |      36 |  36.7 |      15 |       1 |   6.2
        D:3 |     110 |       0 |   0.0 |      20 |       0 |   0.0
        D:4 |     541 |     268 |  33.1 |      19 |       1 |   5.0
        D:5 |     828 |     886 |  51.7 |      10 |      19 |  65.5
        D:6 |     210 |     106 |  33.5 |       6 |      32 |  84.2
        D:7 |     190 |       0 |   0.0 |       6 |       0 |   0.0
            +---------+---------+-------+---------+---------+-------
